 Dungeon Crawl Stone Soup version 0.22.0-6-g71bd7aa (webtiles) character file.

1709 Dietz the Spear-Bearer (level 9, 0/54 HPs)
             Began as a Tengu Warper on Aug 14, 2018.
             Was an Initiate of Ru.
             Slain by a killer bee (4 damage)
             ... on level 7 of the Dungeon.
             The game lasted 00:31:26 (9158 turns).

Dietz the Spear-Bearer (Tengu Warper)               Turns: 9158, Time: 00:31:27

Health: 0/54       AC:  6    Str: 14    XL:     9   Next: 3%
Magic:  11/14      EV: 14    Int: 14    God:    Ru [......]
Gold:   479        SH:  0    Dex: 15    Spells: 7/14 levels left

rFire    + . .     SeeInvis .   D - +1 trident
rCold    + + .     Gourm    .   (no shield)
rNeg     . . .     Faith    .   G - +0 leather armour {rC+}
rPois    +         Spirit   .   (helmet restricted)
rElec    +         Reflect  .   (no cloak)
rCorr    +         Harm     .   p - +2 pair of gloves
MR       .....                  (boots unavailable)
Stlth    ++........             (no amulet)
HPRegen  0.18/turn              u - ring of stealth
MPRegen  0.14/turn              z - +3 ring of strength

@: lethally poisoned (0 -> -9), resistant
A: beak, talons 3, clumsy 1, able to fly 1
a: Fly, Renounce Religion


You were on level 7 of the Dungeon.
You worshipped Ru.
Ru was noncommittal.
You were not hungry.

You visited 2 branches of the dungeon, and saw 8 of its levels.

You collected 479 gold pieces.

Inventory:

Hand Weapons
 D - a +1 trident (weapon)
Missiles
 a - 3 needles of confusion
 d - 5 tomahawks
 e - 4 tomahawks of dispersal (quivered)
 k - 148 stones
 B - 38 poisoned needles
Armour
 p - a +2 pair of gloves (worn)
 A - a +1 shield
 G - a +0 leather armour of cold resistance (worn)
Jewellery
 u - a ring of stealth (left hand)
 z - a +3 ring of strength (right hand)
Scrolls
 g - 5 scrolls of remove curse
 m - 4 scrolls of enchant armour
 o - 2 scrolls of fog
 r - a scroll of immolation
 s - 2 scrolls of fear
 t - 2 scrolls of enchant weapon
 w - 4 scrolls of teleportation
 x - 4 scrolls of blinking
 y - a scroll of magic mapping
 F - a scroll of identify
Potions
 c - 5 potions of lignification
 h - a potion of haste {unknown}
 i - a potion of berserk rage
 j - 3 potions of agility
 l - 5 potions of invisibility
 n - a potion of ambrosia {unknown}
 q - 2 potions of resistance
 v - a potion of might {unknown}
 C - a potion of brilliance {unknown}
 E - a potion of curing {unknown}
Comestibles
 f - 6 rations


   Skills:
 + Level 5.4 Fighting
 + Level 8.5 Polearms
 - Level 1.0 Throwing
 + Level 4.1 Armour
 + Level 4.8 Dodging
 + Level 3.0 Spellcasting
 + Level 3.1 Translocations


You had 7 spell levels left.
You knew the following spells:

 Your Spells              Type           Power        Failure   Level  Hunger
a - Blink                 Tloc           N/A          11%         2    ##.....
b - Shroud of Golubria    Chrm/Tloc      #.........   21%         2    ##.....
c - Teleport Other        Tloc           ##......     22%         3    ###....

Your spell library contained the following spells:

 Spells                   Type           Power        Failure   Level  Hunger
 Conjure Flame            Conj/Fire      #.......     61%         3    ###....
 Freezing Cloud           Conj/Ice/Air   #.........   100%        6    #######
 Mephitic Cloud           Conj/Pois/Air  #.......     61%         3    ###....
 Ring of Flames           Chrm/Fire      #.........   100%        7    #######
 Passage of Golubria      Tloc           N/A          56%         4    #####..
 Gell's Gravitas          Tloc           ##........   22%         3    ###....
 Lesser Beckoning         Tloc           ##........   22%         3    ###....
 Poisonous Vapours        Pois/Air       #.....       36%         2    ##.....


Dungeon Overview and Level Annotations

Branches:
Dungeon (7/15)             Temple (1/1) D:5

Altars:
Ashenzari
Cheibriados
Dithmenos
Elyvilon
Fedhas
Gozag
Hepliaklqana
Kikubaaqudgha
Makhleb
Nemelex Xobeh
Okawaru
Qazlal
Ru
Sif Muna
Trog
Uskayaw
Vehumet
Wu Jian
Xom
Yredelemnul
Zin
The Shining One

Shops:
D:5 (

Annotations:
D:7 Harold


Innate Abilities, Weirdness & Mutations

You have a beak for a mouth.
You have claws for feet.
You are clumsy. (Dex -2)
You can fly.


Message History

You feel sick. The killer bee closely misses you.
Casting: Shroud of Golubria (safe; 21% risk of failure)
Confirm with . or Enter, or press ? or * to list all spells.
Space distorts slightly along a thin shroud covering your body.
You feel sick. The killer bee closely misses you. x2
You barely miss the killer bee. Your kick misses the killer bee.
Your peck misses the killer bee.
You feel sick. The killer bee stings you.
* * * LOW HITPOINT WARNING * * *
Your shroud falls apart!
The killer bee stings you.
* * * LOW HITPOINT WARNING * * *
You hit the killer bee. Your kick misses the killer bee.
The killer bee is moderately wounded.
* * * LOW HITPOINT WARNING * * *
You feel sick. The killer bee barely misses you.
It was a potion of resistance.
You feel protected.
* * * LOW HITPOINT WARNING * * *
You feel sick. The killer bee stings you.
You die...

#......#
..y.#####
.......#
...O.y..#
.......#
##.#
.......#
#..#
.......#
#O##
.###+###
#.# .#
#.# ..
#######.#
##
#...@yO.#
#.#######
#...#
###.#
#.#######
#.......#
#######.#
#.# #.#


You could see an ogre and a killer bee.

Vanquished Creatures
  Sigmund (D:6)
  Eustachio (D:5)
  Menkaure (D:7)
  A black bear (D:7)
  A sky beast (D:6)
  An ice beast (D:5)
  A centaur (D:6)
  A scorpion (D:5)
  A killer bee (D:7)
  2 bullfrog zombies
  3 howler monkeys (D:7)
  A hound (D:5)
  3 orc priests
  A bullfrog skeleton (D:5)
  3 orc wizards (D:6)
  An iguana (D:6)
  3 worker ants
  A hound zombie (D:3)
  3 hound skeletons
  A worker ant zombie (D:6)
  2 howler monkey zombies (D:3)
  8 gnolls
  4 adders
  An adder zombie (D:5)
  2 adder skeletons
  6 worms
  A dart slug (D:1)
  5 leopard geckos
  13 orcs
  2 ball pythons
  7 giant cockroaches
  5 goblins
  8 hobgoblins
  2 jackals (D:2)
  6 kobolds
  2 quokkas (D:6)
  8 bats
  7 frilled lizards
  A leopard gecko skeleton (D:3)
  A leopard gecko zombie (D:3)
  11 rats
133 creatures vanquished.

Notes
Turn   | Place    | Note
-------+----------+-------------------------------------------
     0 | D:1      | Dietz the Tengu Warper began the quest for the Orb.
     0 | D:1      | Reached XP level 1. HP: 12/12 MP: 4/4
   166 | D:1      | Reached XP level 2. HP: 17/17 MP: 6/6
   249 | D:1      | Reached skill level 3 in Polearms
   325 | D:1      | Reached XP level 3. HP: 21/21 MP: 7/7
   342 | D:1      | Learned a level 2 spell: Blink
   345 | D:1      | Learned a level 2 spell: Shroud of Golubria
  1376 | D:2      | Reached XP level 4. HP: 27/27 MP: 8/8
  1385 | D:2      | Learned a level 3 spell: Teleport Other
  1896 | D:3      | Reached skill level 4 in Polearms
  2318 | D:3      | Gained mutation: You can fly. [Tengu growth]
  2318 | D:3      | Reached XP level 5. HP: 17/31 MP: 9/9
  3377 | D:3      | Reached skill level 5 in Polearms
  3423 | D:2      | Reached XP level 6. HP: 12/36 MP: 7/10
  3810 | D:3      | You fall through a shaft for 3 floors!
  4077 | D:5      | Entered Level 5 of the Dungeon
  4114 | D:5      | Found a staircase to the Ecumenical Temple.
  4125 | Temple   | Entered the Ecumenical Temple
  4441 | Temple   | Became a worshipper of Ru the Awakened
  4917 | D:5      | Noticed an ice beast
  5608 | D:4      | Reached XP level 7. HP: 32/41 MP: 11/11
  5860 | D:4      | Found a shattered altar of Ashenzari.
  6190 | D:5      | Reached skill level 6 in Polearms
  6202 | D:5      | Noticed Eustachio
  6235 | D:5      | Found Kunkyek's Weapon Boutique.
  6304 | D:5      | Gained mutation: You are clumsy. (Dex -2) [Ru sacrifice]
  7279 | D:6      | Noticed a troll
  7440 | D:6      | Noticed Sigmund
  7895 | D:7      | Noticed Harold
  7916 | D:6      | Killed Sigmund
  7916 | D:6      | Reached skill level 7 in Polearms
  7916 | D:6      | Reached XP level 8. HP: 43/48 MP: 12/12
  8088 | D:7      | Noticed Menkaure
  8556 | D:7      | Killed Menkaure
  8556 | D:7      | Reached skill level 5 in Fighting
  8599 | D:7      | Reached skill level 8 in Polearms
  8859 | D:5      | Killed Eustachio
  9011 | D:5      | Reached XP level 9. HP: 54/54 MP: 12/14
  9158 | D:7      | Slain by a killer bee

Skill      XL: |  1  2  3  4  5  6  7  8  9 |
---------------+----------------------------+-----
Polearms       | 3 4 5 7 8 |  8.5
Armour         | 2 3 4 |  4.1
Fighting       | 3 4 5 |  5.4
Dodging        | 3 4 |  4.8
Translocations | 3 |  3.1
Spellcasting   | 3 |  3.0
Throwing       | |  1.0

Action                   |  1- 3 |  4- 6 |  7- 9 || total
-------------------------+-------+-------+-------++-------
Melee: Spear             |   117 |   290 |    39 ||   446
       Kick              |    19 |    60 |    48 ||   127
       Peck              |     9 |    48 |    27 ||    84
       Trident           |       |       |   138 ||   138
Throw: Tomahawk          |       |       |     1 ||     1
 Cast: Shroud of Golubri |     1 |     2 |    13 ||    16
       Blink             |       |     2 |     3 ||     5
Invok: Sacrifice Purity  |       |       |     1 ||     1
 Abil: Fly               |       |     2 |     1 ||     3
  Use: Scroll            |       |     1 |    11 ||    12
       Potion            |       |       |     4 ||     4
 Stab: Sleeping          |     3 |     8 |     3 ||    14
       Distracted        |       |     1 |     1 ||     2
  Eat: Chunk             |       |    11 |    11 ||    22
       Ration            |       |     1 |     1 ||     2
Armor: Leather armour    |    20 |    20 |    46 ||    86
Dodge: Dodged            |    38 |   138 |   110 ||   286
